Map: Port Aleksander LE

Players

Solar - Winner!

  • Race: Zerg Zerg
  • League: Master
  • Spawn Location: 11:00

IlIlIlIlIlIl

  • Race: Protoss Protoss
  • League: Grandmaster
  • Spawn Location: 5:00

VOD

Have the link to the VOD?

Description

Time

  • Played on: Dec. 2, 2018, 6:40 a.m.
  • Length: 14:48
Show
View Real Time Build Order
Export as new Build Order

Solar Zerg - Winner!

Build Orders: Hatch First, Swarm Host 

Get SALT Encoding   

  12  0:01  Drone  
  13  0:12  Overlord  
  13  0:18  Drone  
  14  0:31  Drone x2  
  16  0:49  Hatchery  
  15  0:52  Drone  
  15  0:56  Drone  
  17  0:59  Drone  
  18  1:10  Extractor  
  17  1:15  Spawning Pool  
  17  1:18  Drone  
  17  1:21  Drone  
  18  1:29  Drone  
  19  1:39  Drone  
  20  1:50  Hatchery  
  20  1:54  Drone  
  20  2:05  Queen  
  22  2:11  Metabolic Boost  
  22  2:15  Drone  
  22  2:19  Drone  
  24  2:24  Drone  
  24  2:27  Overlord  
  25  2:35  Queen  
  27  2:38  Zergling x2  
  28  2:44  Queen  
  28  2:47  Drone  
  28  2:49  Zergling x2  
  32  2:53  Drone  
  32  2:54  Drone  
  34  2:58  Drone  
  34  3:02  Drone  
  36  3:05  Queen  
  36  3:08  Drone  
  39  3:15  Spore Crawler  
  39  3:19  Drone x2, Overlord  
  40  3:25  Queen  
  42  3:29  Overlord  
  42  3:37  Drone  
  42  3:38  Drone x3  
  42  3:39  Drone  
  42  3:41  Drone  
  48  3:43  Drone  
  48  3:48  Spore Crawler  
  48  3:49  Spore Crawler  
  48  3:52  Drone x2  
  48  3:55  Drone  
  50  4:02  Overlord  
  50  4:06  Overlord  
  50  4:15  Overlord  
  50  4:21  Drone  
  50  4:22  Drone x3  
  50  4:23  Drone x4  
  50  4:24  Drone x4  
  60  4:28  Lair  
  62  4:31  Drone x2  
  62  4:37  Roach Warren  
  63  4:38  Extractor  
  63  4:39  Zergling x4  
  63  4:40  Extractor  
  63  4:41  Zergling x2  
  63  4:42  Zergling x2  
  63  4:44  Zergling x2  
  66  4:50  Drone x2  
  66  4:52  Drone x3  
  68  4:55  Drone  
  68  4:58  Drone x2, Overlord  
  71  5:01  Drone  
  71  5:04  Overlord  
  72  5:09  Drone  
  72  5:10  Extractor  
  72  5:11  Overlord  
  72  5:14  Extractor  
  72  5:17  Drone x3  
  72  5:18  Overlord  
  74  5:22  Roach x4  
  74  5:25  Drone x2  
  74  5:27  Drone x2  
  85  5:33  Overlord  
  85  5:34  Roach  
  87  5:36  Overseer  
  87  5:39  Roach x3  
  87  5:41  Evolution Chamber  
  92  5:44  Roach x2  
  96  5:51  Overlord  
  96  5:52  Roach  
  98  5:58  Infestation Pit  
  98  6:00  Drone x8  
  104  6:04  Extractor  
  103  6:12  Zerg Missile Weapons Level 1  
  103  6:16  Overlord  
  103  6:23  Zergling x8  
  103  6:24  Hatchery  
  105  6:36  Overlord x3  
  105  6:38  Overlord  
  105  6:46  Swarm Host  
  105  6:47  Swarm Host x7  
  105  6:53  Overlord  
  129  6:55  Swarm Host x2  
  129  6:57  Swarm Host  
  129  7:00  Glial Reconstitution  
  138  7:02  Swarm Host  
  138  7:08  Swarm Host x2  
  141  7:09  Overlord  
  141  7:13  Overlord  
  141  7:14  Swarm Host x2  
  152  7:16  Overlord  
  152  7:25  Overlord  
  152  7:29  Roach x4  
  162  7:30  Roach  
  162  7:35  Roach x2  
  162  7:36  Roach x3  
  172  7:39  Roach  
  172  7:40  Roach  
  172  7:41  Roach x2  
  176  7:49  Roach  
  176  7:50  Roach x3  
  182  7:58  Roach x2  
  185  8:03  Roach x2  
  189  8:06  Ravager  
  189  8:07  Ravager x2  
  189  8:09  Roach x4  
  200  8:14  Spine Crawler  
  200  8:15  Spine Crawler  
  200  8:16  Zergling x4  
  200  8:20  Zerg Missile Weapons Level 2  
  194  8:27  Roach x3  
  194  8:28  Roach  
  194  8:33  Roach  
  198  8:35  Roach  
  176  8:49  Roach x10  
  176  8:52  Roach x4  
  189  8:56  Roach x3  
  189  8:59  Roach x2  
  189  9:01  Roach  
  199  9:06  Queen  
  199  9:08  Ravager  
  194  9:37  Roach x9  
  200  9:41  Zergling x6  
  184  9:46  Queen  
  184  9:50  Zergling x10  
  184  9:52  Ravager  
  190  9:53  Ravager x2  
  190  9:54  Ravager x3  
  190  9:59  Ravager x2, Roach x2  
  200  10:10  Overseer  
  200  10:12  Extractor  
  200  10:13  Extractor  
  196  10:14  Baneling Nest  
  189  10:23  Zergling x14  
  189  10:24  Zergling x8  
  198  10:29  Roach x2  
  199  10:35  Roach x3  
  199  10:39  Roach  
  192  10:52  Roach x5  
  192  10:55  Roach  
  198  10:57  Roach  
  193  11:05  Overlord x2  
  193  11:06  Overlord x2  
  193  11:08  Overlord  
  193  11:13  Overlord  
  168  11:19  Overlord x2  
  164  11:31  Roach x3  
  160  11:35  Roach  
  160  11:36  Ravager x4  
  160  11:39  Roach x2  
  170  11:43  Ravager  
  170  11:45  Roach  
  173  11:50  Zergling x4  
  173  11:52  Centrifical Hooks, Hatchery  
  174  11:54  Hatchery  
  174  11:59  Roach x2  
  170  12:07  Roach x2  
  170  12:16  Zerg Melee Weapons Level 1  
  170  12:20  Zergling x16  
  177  12:23  Ravager  
  177  12:25  Baneling x4  
  177  12:27  Zergling x4  
  180  12:35  Zergling x6  
  183  12:41  Roach x3  
  189  12:45  Roach  
  189  12:46  Roach  
  189  12:47  Roach  
  189  12:48  Overlord  
  193  12:51  Overlord  
  193  12:54  Overseer  
  193  12:55  Overseer  
  193  12:57  Overseer  
  185  12:59  Overseer x2  
  185  13:00  Pneumatized Carapace  
  183  13:06  Roach  
  183  13:08  Roach  
  173  13:14  Roach  
  173  13:16  Roach  
  173  13:18  Roach  
  148  13:24  Roach x2  
  137  13:28  Roach  
  137  13:30  Roach  
  137  13:32  Zergling x2  
  137  13:37  Roach  
  136  13:43  Roach x2  
  136  13:45  Roach  
  136  13:47  Roach  
  134  13:49  Roach  
  134  13:54  Roach  
  134  13:55  Roach  
  138  13:58  Zergling x2  
  141  14:03  Roach  
  141  14:05  Zergling x2  
  141  14:06  Zergling x4  
  141  14:09  Zergling x2  
  145  14:11  Roach  
  145  14:12  Ravager  
  145  14:14  Roach  
  149  14:18  Roach  
  150  14:26  Roach x2  
  150  14:28  Roach x2  
Show
View Real Time Build Order
Export as new Build Order

IlIlIlIlIlIl Protoss 

Build Orders: 1 Gate Expand, Oracle Opening, Phoenix Opening, Archon Immortal 

Get SALT Encoding   

  12  0:00  Probe  
  13  0:12  Probe  
  14  0:19  Pylon  
  14  0:24  Probe  
  15  0:34  Probe  
  15  0:42  Probe  
  16  0:44  Gateway  
  16  0:47  Assimilator  
  17  0:52  Probe  
  19  1:04  Probe  
  19  1:16  Probe  
  20  1:25  Nexus  
  20  1:35  Cybernetics Core  
  20  1:39  Probe  
  21  1:45  Assimilator  
  21  1:51  Probe  
  22  1:57  Pylon  
  22  2:03  Probe  
  22  2:06  Adept  
  25  2:16  Probe  
  25  2:20  Stargate  
  26  2:26  Warp Gate  
  26  2:27  Probe  
  27  2:32  Adept  
  27  2:34  Probe  
  27  2:35  Probe  
  29  2:42  Probe  
  31  2:44  Probe  
  33  2:52  Probe  
  33  2:55  Probe  
  35  3:03  Phoenix  
  35  3:04  Probe  
  36  3:07  Probe  
  39  3:16  Probe  
  39  3:19  Probe  
  41  3:21  Pylon  
  41  3:22  Oracle  
  41  3:28  Assimilator, Probe  
  41  3:30  Assimilator  
  41  3:33  Probe  
  46  3:36  Gateway  
  46  3:40  Probe  
  47  3:45  Probe  
  47  3:48  Probe, Robotics Facility  
  48  3:54  Pylon  
  49  3:56  Probe  
  49  3:58  Probe  
  51  4:07  Probe  
  52  4:10  Probe  
  53  4:18  Twilight Council  
  53  4:19  Probe  
  53  4:20  Gateway x2  
  53  4:22  Probe  
  55  4:30  Zealot x2  
  59  4:33  Probe  
  59  4:36  Observer  
  61  4:51  Nexus  
  61  4:52  Probe, Pylon  
  62  4:56  Pylon  
  62  5:02  Pylon  
  62  5:07  Forge  
  62  5:10  Immortal, Probe x2, Charge  
  62  5:14  Forge  
  68  5:23  Probe x2  
  70  5:29  Templar Archives  
  70  5:30  Protoss Ground Weapons Level 1  
  70  5:31  Sentry  
  70  5:32  Sentry, Zealot  
  70  5:35  Probe x2, Zealot  
  80  5:42  Observer  
  80  5:43  Immortal  
  80  5:47  Probe x2  
  86  6:03  Probe x3  
  88  6:11  Probe  
  89  6:12  Pylon  
  89  6:15  Probe x2, High Templar x2  
  96  6:19  Archon, Shield Battery  
  96  6:20  Shield Battery, High Templar x2, Probe  
  96  6:23  Immortal  
  96  6:24  Pylon  
  101  6:30  Probe x2  
  101  6:32  Archon, Probe  
  102  6:35  Assimilator  
  102  6:36  Assimilator  
  106  6:42  Gateway, Probe  
  106  6:43  Gateway  
  106  6:44  Gateway  
  106  6:45  Gateway  
  107  6:50  Zealot x2  
  107  6:52  Pylon  
  107  6:54  Warp Prism  
  111  7:02  Photon Cannon  
  111  7:07  Pylon  
  113  7:08  Gateway  
  113  7:09  Gateway  
  113  7:10  Protoss Ground Weapons Level 2  
  113  7:16  Photon Cannon  
  113  7:17  High Templar x2  
  113  7:18  High Templar x2  
  121  7:26  Archon  
  121  7:27  Archon  
  121  7:30  Photon Cannon  
  121  7:34  Shield Battery  
  121  7:36  Pylon  
  121  7:37  Pylon  
  121  7:43  Zealot x4  
  129  7:51  High Templar x2  
  129  7:54  Pylon  
  129  7:57  Pylon  
  133  7:58  Nexus  
  133  8:00  Archon  
  133  8:02  Pylon  
  133  8:03  Immortal  
  133  8:05  High Templar x2  
  135  8:07  Zealot x3  
  143  8:14  Archon  
  143  8:17  Pylon  
  143  8:36  Immortal  
  143  8:38  Zealot x4  
  143  8:39  Zealot x3  
  157  8:42  High Templar x2, Zealot  
  157  8:46  Archon  
  151  9:00  Zealot x4  
  151  9:01  Zealot x3  
  137  9:05  Probe  
  137  9:07  High Templar x2  
  137  9:08  Zealot x5  
  150  9:14  Archon  
  150  9:29  High Templar x2, Zealot  
  150  9:30  Zealot x5  
  160  9:34  Immortal, Archon  
  136  9:42  Zealot x2  
  126  9:52  Probe  
  131  9:54  Assimilator, Probe  
  131  9:55  Dark Shrine, Assimilator  
  132  10:00  High Templar x2  
  132  10:01  Zealot x6  
  132  10:04  Archon  
  148  10:07  High Templar  
  148  10:08  High Templar  
  148  10:12  Probe  
  149  10:22  Immortal, Archon  
  149  10:23  Zealot x2  
  149  10:24  Zealot x4  
  146  10:34  Probe  
  132  10:39  Zealot x4  
  132  10:40  Zealot  
  132  10:41  Probe  
  132  10:44  Zealot x2  
  132  10:45  Zealot  
  119  10:52  Pylon  
  119  10:54  Pylon  
  113  10:58  Immortal  
  111  11:08  Zealot x3  
  111  11:09  Dark Templar x3  
  109  11:22  Dark Templar x2  
  105  11:26  Probe  
  105  11:27  Probe x2  
  105  11:30  Warp Prism  
  90  11:38  Probe  
  89  11:40  Archon x2, Probe  
  89  11:42  Dark Templar  
  89  11:43  High Templar x2, Zealot x2  
  89  11:44  Zealot  
  103  11:48  Archon  
  103  11:49  Archon  
  103  11:50  Pylon  
  103  11:58  Zealot x2  
  90  12:11  Dark Templar x2  
  91  12:18  Zealot  
  92  12:39  High Templar  
  92  12:40  High Templar x3  
  92  12:41  Zealot x3  
  92  12:43  Archon  
  92  12:44  Archon  
  106  12:45  Zealot  
  106  12:46  Zealot  
  96  13:10  Zealot x4  
  96  13:11  Zealot  
  72  13:20  Zealot x2  
  72  13:21  Zealot x2  
  76  13:38  High Templar x2  
  76  13:39  High Templar x3  
  76  13:42  Archon  
  76  13:43  Archon  
  76  13:44  High Templar  
  54  13:56  Dark Templar  
  54  14:01  High Templar x2, Zealot  
  62  14:06  Archon  
  62  14:10  Zealot x2  
  62  14:11  Zealot x2  
  70  14:19  Probe  
  70  14:22  Probe  
  65  14:26  High Templar x2  
  65  14:36  Archon, Zealot x4  
  65  14:37  Zealot x2  
Tags
 
Add a new tag
Caveats
  • Supply blocks, unpowered buildings, or Contaminate may cause inaccurate times.
  • Supply counts are checked every 10 seconds.